 Dungeon Crawl Stone Soup version 0.28-a0-297-g99b01970c5 (webtiles) character file.

Game seed: 2097935565733776534

4009 Gargoyl the Fighter (level 10, -1/82 HPs)
             Began as a Gnoll Abyssal Knight on Aug 29, 2021.
             Was a Believer of Lugonu.
             Slain by Joseph (9 damage)
             ... on level 8 of the Dungeon.
             The game lasted 00:08:57 (7937 turns).

Gargoyl the Fighter (Gnoll Abyssal Knight)          Turns: 7937, Time: 00:08:59

Health: -1/82      AC: 10    Str: 14    XL:     10   Next: 23%
Magic:  17/17      EV:  8    Int: 11    God:    Lugonu [**....]
Gold:   526        SH:  5    Dex: 13    Spells: 19/19 levels left

rFire   . . .      SeeInvis +   h - +5 battleaxe "Spiderslayer" {flame, +Blink rC+ rN++ Stlth+}
rCold   + . .      Faith    .   (shield currently unavailable)
rNeg    + + .      Spirit   .   i - +0 chain mail
rPois   .          Reflect  +   (no helmet)
rElec   .          Harm     .   (no cloak)
rCorr   .          Rampage  .   (no gloves)
Will    .....                   (no boots)
Stlth   +.........              q - amulet of reflection
HPRegen 0.23/turn               b - ring of see invisible
MPRegen 0.15/turn               (no ring)

@: flying
A: fangs 1, strong nose, distributed training
a: Renounce Religion, Evoke Blink, Depart the Abyss, Bend Space


You were on level 8 of the Dungeon.
You worshipped Lugonu.
Lugonu was pleased with you.
You visited 1 branch of the dungeon, and saw 8 of its levels.
You visited the Abyss 1 time.

You collected 526 gold pieces.

Inventory:

Hand Weapons
 c - the +6 arbalest of Beogh's Castigation {penet, rPois rF+ rC-}
   (You found it on level 2 of the Abyss)

   Any ammunition fired by it passes through the targets it hits, potentially
   hitting all targets in its path until it reaches maximum range.
   rF:        It protects you from fire.
   rC:        It makes you vulnerable to cold.
   rPois:     It protects you from poison.
 h - the +5 battleaxe "Spiderslayer" (weapon) {flame, +Blink rC+ rN++ Stlth+}
   (You acquired it on level 6 of the Dungeon)

   It burns those it strikes, dealing additional fire damage.
   Big, fiery blades are also staple armaments of hydra-hunters.
   rC:        It protects you from cold.
   rN:        It greatly protects you from negative energy.
   +Blink:    It lets you blink.
   Stlth:     It makes you more stealthy.
 m - the +4 falchion "Zicoeq" {freeze, Str+4 Int+4}
   (You found it on level 5 of the Dungeon)

   It freezes those it strikes, dealing additional cold damage.
   It can also slow down cold-blooded creatures.
   Str:       It affects your strength (+4).
   Int:       It affects your intelligence (+4).
 s - a +2 vorpal hand axe
Missiles
 d - 21 bolts
Armour
 i - a +0 chain mail (worn)
Jewellery
 b - a ring of see invisible (left hand)
 q - an amulet of reflection (around neck)
 r - an amulet of faith
Wands
 a - a wand of digging (6)
 l - a wand of acid (3)
Scrolls
 e - 4 scrolls of blinking
 f - a scroll of fog
 k - 2 scrolls of identify
 n - a scroll of summoning {unknown}
 u - a scroll of immolation {unknown}
 v - a scroll of teleportation {unknown}
Potions
 g - a potion of brilliance {unknown}
 j - a potion of magic {unknown}
 o - a potion of invisibility {unknown}
 p - a potion of haste
 t - a potion of flight


   Skills:
 + Level 8.4 Fighting
 + Level 5.1 Short Blades
 + Level 5.1 Long Blades
 + Level 6.9 Axes
 + Level 5.1 Maces & Flails
 + Level 5.1 Polearms
 + Level 5.1 Staves
 + Level 5.1 Slings
 + Level 5.1 Bows
 + Level 5.1 Crossbows
 + Level 5.1 Throwing
 + Level 6.9 Armour
 + Level 5.7 Dodging
 + Level 5.1 Stealth
 + Level 5.1 Shields
 + Level 5.1 Unarmed Combat
 + Level 5.1 Spellcasting
 + Level 4.2 Conjurations
 + Level 4.2 Hexes
 + Level 4.2 Summonings
 + Level 4.2 Necromancy
 + Level 4.2 Translocations
 + Level 4.2 Transmutations
 + Level 4.2 Fire Magic
 + Level 4.2 Ice Magic
 + Level 4.2 Air Magic
 + Level 4.2 Earth Magic
 + Level 4.2 Poison Magic
 + Level 7.3 Invocations
 + Level 5.1 Evocations


You had 19 spell levels left.
You didn't know any spells.
Your spell library contained the following spells:

 Spells                   Type           Power      Damage    Failure   Level
 Shock                    Conj/Air       48%        1d6       56%         1
 Passwall                 Tmut/Erth      10%        N/A       71%         2
 Static Discharge         Conj/Air       12%        N/A       71%         2
 Swiftness                Air            12%        N/A       91%         3
 Airstrike                Air            6%         N/A       100%        4
 Dispel Undead            Necr           12%        3d9       100%        4
 Sticky Flame             Conj/Fire      12%        2d4       100%        4
 Summon Lightning Spire   Summ/Air       12%        N/A       100%        4
 Invisibility             Hex            6%         N/A       100%        6
 Storm Form               Tmut/Air       6%         N/A       100%        7
 Maxwell's Capacitive Co  Air            6%         ∞         100%        8


Dungeon Overview and Level Annotations

Branches:
Dungeon (8/15)             Temple (0/1) D:5
   Lair: D:8-11

Altars:
Kikubaaqudgha
Uskayaw

Shops:
D:4 *

Annotations:
D:8 Joseph


Innate Abilities, Weirdness & Mutations

You have very sharp teeth.
Your uncanny sense of smell can sniff out nearby items.
Your experience applies equally to all skills.


Message History

Things that are here:
a +0 plate armour; a +2 dire flail of protection; an orc skeleton You barely miss Joseph.
Joseph hits you with a +0 quarterstaff. You block Joseph's attack.
You closely miss Joseph. Joseph hits you with a +0 quarterstaff!
Unknown command.
You hit Joseph but do no damage. Your bite misses Joseph.
You block Joseph's attack. Joseph hits you with a +0 quarterstaff.
Unknown command.
You barely miss Joseph. You bite Joseph, but do no damage.
Joseph hits you with a +0 quarterstaff.
Unknown command.
You barely miss Joseph. You bite Joseph, but do no damage.
Joseph closely misses you.
You hit Joseph. You burn Joseph.
Joseph is lightly wounded.
Joseph hits you with a +0 quarterstaff!
* * * LOW HITPOINT WARNING * * *
Joseph barely misses you.
Unknown command.
You slash Joseph! You burn Joseph.
Joseph is moderately wounded.
Joseph barely misses you.
Unknown command.
You hit Joseph. You burn Joseph. Your bite misses Joseph.
Joseph is moderately wounded.
Joseph closely misses you.
Okay, then.
Unknown command.
It was a potion of flight.
You feel very buoyant.
You fly up into the air.
Joseph hits you with a +0 quarterstaff!
* * * LOW HITPOINT WARNING * * *
Aiming: Corrosive Bolt
Press: ? - help, Shift-Dir - straight line, f - Joseph
Aim: Joseph, wielding a +0 quarterstaff, wearing a +3 leather armour and quivering sling bullets (moderately wounded, 74% to hit)
The bolt of acid hits Joseph!!
The acid corrodes Joseph!
Joseph is severely wounded.
Joseph hits you with a +0 quarterstaff!
You die...

######## #
∆###......#. ..
.......... #..
.......# #...
###).....# #....
#<÷@.....##
#.....###@.......
....@Y†Y....$....
..#########......
...... #.....
..... #####


You could see Joseph (corroded).

Vanquished Creatures
  2 two-headed ogres
  An unseen horror (D:6)
  4 yaks
  A water moccasin (D:7)
  An ice beast (D:5)
  An orc warrior (D:8)
  2 black bears
  2 ogres
  2 centaurs (D:6)
  Blork the orc (D:5)
  A bullfrog (D:8)
  3 scorpions
  A water moccasin skeleton (D:4)
  3 killer bees (D:7)
  3 howler monkeys (D:8)
  A jelly (D:5)
  3 orc priests
  A centaur zombie (D:6)
  A centaur skeleton (D:5)
  2 gnoll shamans
  3 orc wizards
  A hound skeleton (D:4)
  3 howler monkey zombies
  7 gnolls
  An adder (D:6)
  A white imp (D:7)
  2 worms
  9 orcs
  3 ball pythons
  3 endoplasms
  3 giant cockroaches
  A goblin (D:4)
  4 hobgoblins
  3 jackals (D:1)
  3 quokkas (D:2)
  A bat (D:1)
  7 frilled lizards
  4 kobolds
  2 rats
97 creatures vanquished.

Notes
Turn   | Place    | Note
-------+----------+-------------------------------------------
     0 | Abyss:1  | Gargoyl the Gnoll Abyssal Knight began the quest for the
                  | Orb.
     0 | Abyss:1  | Reached XP level 1. HP: 23/23 MP: 3/3
    60 | Abyss:1  | Noticed a small abomination
    76 | Abyss:2  | Identified the +6 arbalest of Beogh's Castigation {penet,
                  | rPois rF+ rC-}
   165 | Abyss:2  | Noticed a ynoxinul
   166 | D:1      | Escaped the Abyss
   402 | D:1      | Reached XP level 2. HP: 29/29 MP: 5/5
   724 | D:1      | Reached * piety under Lugonu
  1680 | D:2      | Reached XP level 3. HP: 32/35 MP: 6/6
  2660 | D:3      | Noticed an ogre
  2664 | D:3      | Killed an ogre
  2665 | D:3      | Reached skill level 1 in Short Blades
  2665 | D:3      | Reached skill level 1 in Long Blades
  2665 | D:3      | Reached skill level 1 in Maces & Flails
  2665 | D:3      | Reached skill level 1 in Polearms
  2665 | D:3      | Reached skill level 1 in Staves
  2665 | D:3      | Reached skill level 1 in Slings
  2665 | D:3      | Reached skill level 1 in Bows
  2665 | D:3      | Reached skill level 1 in Crossbows
  2665 | D:3      | Reached skill level 1 in Throwing
  2665 | D:3      | Reached skill level 1 in Stealth
  2665 | D:3      | Reached skill level 1 in Shields
  2665 | D:3      | Reached skill level 1 in Unarmed Combat
  2665 | D:3      | Reached skill level 1 in Spellcasting
  2665 | D:3      | Reached skill level 1 in Conjurations
  2665 | D:3      | Reached skill level 1 in Hexes
  2665 | D:3      | Reached skill level 1 in Summonings
  2665 | D:3      | Reached skill level 1 in Necromancy
  2665 | D:3      | Reached skill level 1 in Translocations
  2665 | D:3      | Reached skill level 1 in Transmutations
  2665 | D:3      | Reached skill level 1 in Fire Magic
  2665 | D:3      | Reached skill level 1 in Ice Magic
  2665 | D:3      | Reached skill level 1 in Air Magic
  2665 | D:3      | Reached skill level 1 in Earth Magic
  2665 | D:3      | Reached skill level 1 in Poison Magic
  2665 | D:3      | Reached skill level 1 in Evocations
  2665 | D:3      | Reached XP level 4. HP: 41/41 MP: 7/7
  2665 | D:3      | Reached XP level 5. HP: 47/47 MP: 8/8
  3094 | D:3      | Found a faded altar of an unknown god.
  3610 | D:4      | Found Keret's Gadget Gallery.
  3928 | D:4      | Noticed a two-headed ogre
  3964 | D:4      | Killed a two-headed ogre
  3965 | D:4      | Reached skill level 7 in Fighting
  3965 | D:4      | Reached skill level 5 in Axes
  3965 | D:4      | Reached skill level 5 in Armour
  3965 | D:4      | Reached skill level 5 in Invocations
  3965 | D:4      | Reached XP level 6. HP: 46/55 MP: 8/10
  3965 | D:4      | Reached XP level 7. HP: 50/60 MP: 8/11
  4068 | D:4      | Reached XP level 8. HP: 53/67 MP: 12/12
  4163 | D:5      | Entered Level 5 of the Dungeon
  4736 | D:5      | Identified the +4 falchion "Zicoeq" {freeze, Str+4 Int+4}
  4821 | D:5      | Noticed Blork the orc
  4827 | D:5      | Killed Blork the orc
  4869 | D:5      | Found a staircase to the Ecumenical Temple.
  5157 | D:6      | Identified a scroll of acquirement
  5157 | D:6      | Acquired the +5 battleaxe "Spiderslayer" {flame, +Blink rC+
                  | rN++ Stlth+}
  5266 | D:6      | Found an ancient bone altar of Kikubaaqudgha.
  5842 | D:6      | Noticed an unseen horror
  5845 | D:6      | Reached XP level 9. HP: 68/72 MP: 14/14
  5864 | D:6      | HP: 1/72 [unseen horror (8)]
  5872 | D:6      | Killed an unseen horror
  6065 | D:7      | Noticed a two-headed ogre
  6081 | D:6      | Killed a two-headed ogre
  6082 | D:6      | Reached skill level 8 in Fighting
  6082 | D:6      | Reached skill level 5 in Dodging
  6522 | D:7      | You fall into a shaft and drop 1 floor!
  6554 | D:7      | Noticed a +0 dagger
  6554 | D:7      | Noticed a +0 spear
  6554 | D:7      | Noticed a +0 dagger
  6554 | D:7      | Noticed a +0 falchion
  6554 | D:7      | Noticed a +0 spear
  6554 | D:7      | Noticed a +0 falchion
  6554 | D:7      | Noticed a +0 short sword
  6554 | D:7      | Noticed a +0 short sword
  6554 | D:7      | Found a hide-covered altar of Uskayaw.
  7528 | D:8      | Reached XP level 10. HP: 78/80 MP: 17/17
  7535 | D:8      | Noticed Joseph
  7703 | D:8      | Reached skill level 5 in Short Blades
  7703 | D:8      | Reached skill level 5 in Long Blades
  7703 | D:8      | Reached skill level 5 in Maces & Flails
  7703 | D:8      | Reached skill level 5 in Polearms
  7703 | D:8      | Reached skill level 5 in Staves
  7703 | D:8      | Reached skill level 5 in Slings
  7703 | D:8      | Reached skill level 5 in Bows
  7703 | D:8      | Reached skill level 5 in Crossbows
  7703 | D:8      | Reached skill level 5 in Throwing
  7703 | D:8      | Reached skill level 5 in Stealth
  7703 | D:8      | Reached skill level 5 in Shields
  7703 | D:8      | Reached skill level 5 in Unarmed Combat
  7703 | D:8      | Reached skill level 5 in Spellcasting
  7703 | D:8      | Reached skill level 5 in Evocations
  7713 | D:7      | Reached ** piety under Lugonu
  7937 | D:8      | Slain by Joseph

Illustrated notes

Levels and vault maps discovered:
D:1:      nzn_arrival_depleted_hourglass, layout_basic
D:2:      layout_loops_ring
D:3:      layout_basic, basic_ecumenical_altar, grunt_decor_junction
D:4:      layout_basic, nicolae_shop_gadgets
D:5:      layout_cave_pools, minmay_temple_entry_stoned_glass,
          uniq_blork_the_orc
D:6:      layout_basic, mainiacjoe_overflow_surrounded_room
D:7:      layout_cave_pools, nicolae_uskayaw_en_pointe, enter_ossuary_5,
          kennysheep_generic_room_14
D:8:      cheibrodos_two_vegetables, layout_basic, doesnt_xom_only_xom,
          minmay_shop_chei, uniq_joseph

Skill      XL: |  1  2  3  4  5  6  7  8  9 10 |
---------------+-------------------------------+-----
Short Blades   | 1 2 3 4 5 |  5.1
Long Blades    | 1 2 3 4 5 |  5.1
Maces & Flails | 1 2 3 4 5 |  5.1
Polearms       | 1 2 3 4 5 |  5.1
Staves         | 1 2 3 4 5 |  5.1
Slings         | 1 2 3 4 5 |  5.1
Bows           | 1 2 3 4 5 |  5.1
Crossbows      | 1 2 3 4 5 |  5.1
Throwing       | 1 2 3 4 5 |  5.1
Stealth        | 1 2 3 4 5 |  5.1
Shields        | 1 2 3 4 5 |  5.1
Unarmed Combat | 1 2 3 4 5 |  5.1
Spellcasting   | 1 2 3 4 5 |  5.1
Conjurations   | 1 2 3 4 |  4.2
Hexes          | 1 2 3 4 |  4.2
Summonings     | 1 2 3 4 |  4.2
Necromancy     | 1 2 3 4 |  4.2
Translocations | 1 2 3 4 |  4.2
Transmutations | 1 2 3 4 |  4.2
Fire Magic     | 1 2 3 4 |  4.2
Ice Magic      | 1 2 3 4 |  4.2
Air Magic      | 1 2 3 4 |  4.2
Earth Magic    | 1 2 3 4 |  4.2
Poison Magic   | 1 2 3 4 |  4.2
Evocations     | 1 2 3 4 5 |  5.1
Fighting       | 7 8 |  8.4
Axes           | 5 6 |  6.9
Armour         | 5 6 |  6.9
Dodging        | 3 4 5 |  5.7
Invocations    | 5 6 7 |  7.3

Action                   |  1- 3 |  4- 6 |  7- 9 | 10-12 || total
-------------------------+-------+-------+-------+-------++-------
Melee: Hand axe          |   102 |       |       |       ||   102
       Bite              |     7 |       |     9 |     7 ||    23
       Battleaxe         |       |       |    95 |    42 ||   137
       Falchion          |       |       |     1 |       ||     1
 Fire: Arbalest          |     8 |    27 |    38 |       ||    73
Invok: Depart the Abyss  |     1 |       |       |       ||     1
Evoke: Wand              |       |       |     1 |     1 ||     2
  Use: Scroll            |     6 |       |     5 |       ||    11
       Potion            |       |     1 |     2 |     1 ||     4
 Stab: Sleeping          |     1 |       |       |       ||     1
Armor: Leather armour    |    39 |     1 |     2 |       ||    42
       Chain mail        |       |       |    56 |    13 ||    69
       Ring mail         |       |       |     5 |       ||     5
Dodge: Dodged            |    77 |     9 |    65 |    15 ||   166
Block: Other             |       |       |    30 |    10 ||    40
       Reflection        |       |       |     2 |       ||     2

Table legend: (Time is in decaauts)
 A = Elapsed time spent in this place.
 B = Non-inter-level travel time spent in this place.
 C = Inter-level travel time spent in this place.
 D = Time resting spent in this place.
 E = Time spent auto-exploring this place.
 F = Levels seen in this place.
 G = Mean time per level.
                   A        B        C        D        E       F      G
               +--------+--------+--------+--------+--------+-----+--------+
         Total |   8040 |   7662 |    378 |    750 |   5857 |  10 |  804.0 |
       Dungeon |   7874 |   7496 |    378 |    750 |   5714 |   8 |  984.2 |
         Abyss |    165 |    165 |      0 |      0 |    143 |   2 |   82.5 |
               +--------+--------+--------+--------+--------+-----+--------+

Top non-repeatable levels by time:
     D:7: 1398 daAuts
     D:6: 1340 daAuts
     D:1: 1271 daAuts
     D:4: 1138 daAuts
     D:3: 1009 daAuts
     D:2: 931 daAuts
     D:5: 675 daAuts
     D:8: 110 daAuts
 Abyss:2: 92 daAuts
 Abyss:1: 73 daAuts
